 Dungeon Crawl Stone Soup version 0.29.1-2-gbd0b4ee654 (webtiles) character file.

Game seed: 13930370340012961006

38 xian the Vexing (level 3, -2/26 HPs)
             Began as a Demonspawn Arcane Marksman on Oct 24, 2022.
             Slain by a worm (8 damage)
             ... on level 2 of the Dungeon.
             The game lasted 00:01:53 (1221 turns).

xian the Vexing (Demonspawn Arcane Marksman)        Turns: 1221, Time: 00:01:54

Health: -2/26      AC:  2    Str: 12    XL:     3   Next: 25%
Magic:  4/4        EV: 12    Int: 14    God:
Gold:   89         SH:  0    Dex: 13    Spells: 3/4 levels left

rFire   . . .      SeeInvis .   a - +1 sling
rCold   . . .      Faith    .   (no shield)
rNeg    . . .      Spirit   .   c - +0 robe
rPois   .          Reflect  .   (helmet restricted)
rElec   .          Harm     .   (no cloak)
rCorr   .          Rampage  .   (no gloves)
Will    .....                   (no boots)
Stlth   +.........              g - amulet of magic regeneration
HPRegen 0.08/turn               (no ring)
MPRegen 0.49/turn               (no ring)

@: no status effects
A: antennae 1
a: no special abilities


You were on level 2 of the Dungeon.
You visited 1 branch of the dungeon, and saw 2 of its levels.

You collected 89 gold pieces.

Inventory:

Hand Weapons
 a - a +1 sling (weapon)
 l - a +0 dagger
Armour
 c - a +0 robe (worn)
Jewellery
 g - an amulet of magic regeneration (around neck)
Scrolls
 b - a scroll of poison
 f - 2 scrolls of teleportation {unknown}
 h - a scroll of butterflies {unknown}
 i - a scroll of magic mapping {unknown}
 m - a scroll of vulnerability {unknown}
 o - a scroll of fear {unknown}
 s - a scroll of identify {unknown}
 t - a scroll of amnesia {unknown}
Potions
 d - a potion of ambrosia {unknown}
 e - a potion of magic {unknown}
 j - a potion of resistance {unknown}
 k - 2 potions of might {unknown}
 n - a potion of berserk rage {unknown}
 p - a potion of brilliance {unknown}
 q - a potion of invisibility {unknown}
 r - a potion of curing {unknown}


   Skills:
 + Level 1.0 Fighting
 + Level 2.9 Ranged Weapons
 + Level 1.9 Dodging
 + Level 1.1 Spellcasting
 + Level 3.3 Hexes


You had 3 spell levels left.
You knew the following spells:

 Your Spells              Type           Power      Damage    Failure   Level
a - Slow                  Hex            40%        N/A       7%          1

Your spell library contained the following spells:

 Spells                   Type           Power      Damage    Failure   Level
 Ensorcelled Hibernation  Hex/Ice        10%        N/A       21%         2
 Apportation              Tloc           0%         N/A       26%         1
 Necrotise                Necr           0%         1d4       26%         1
 Summon Small Mammal      Summ           0%         N/A       26%         1
 Passwall                 Tmut/Erth      0%         N/A       36%         2
 Inner Flame              Hex/Fire       5%         N/A       36%         3
 Portal Projectile        Hex/Tloc       10%        N/A       36%         3
 Swiftness                Air            0%         N/A       61%         3
 Cause Fear               Hex            5%         N/A       54%         4


Dungeon Overview and Level Annotations

Branches:
Dungeon (2/15)

Altars:

Shops:
D:2 :


Innate Abilities, Weirdness & Mutations

You have a pair of small antennae on your head.


Message History

The sling bullet hits the worm but does no damage.
The worm is moderately wounded.
You shoot a sling bullet. The sling bullet hits the worm.
The worm is heavily wounded.
You shoot a sling bullet. The sling bullet hits the worm.
The worm is almost dead.
You shoot a sling bullet.
The sling bullet hits the worm but does no damage.
The worm is severely wounded.
You shoot a sling bullet.
The sling bullet barely misses the worm.
The worm misses you.
You shoot a sling bullet. The sling bullet hits the worm.
The worm is almost dead.
You shoot a sling bullet.
The sling bullet hits the worm but does no damage.
The worm is almost dead.
The worm bites you!
You shoot a sling bullet.
The sling bullet barely misses the worm.
The worm bites you.
There is a stone staircase leading up here.
You shoot a sling bullet.
The sling bullet hits the worm but does no damage.
The worm is heavily wounded.
You shoot a sling bullet. The sling bullet hits the worm.
The worm is severely wounded.
You shoot a sling bullet.
The sling bullet hits the worm but does no damage.
The worm is severely wounded.
You shoot a sling bullet. The sling bullet hits the worm.
The worm is severely wounded.
You shoot a sling bullet.
The sling bullet barely misses the worm.
The worm bites you!
* * * LOW HITPOINT WARNING * * *
You are too injured to fight recklessly!
You are too injured to fight recklessly!
The worm bites you!
You die...

# #.# #.# ###########.# #.#
............# #.# ..
############# #.# †.# # #.#
...# # #.# ###...#
################.# .......
.................# .....
################@#######..#
#.w.......# ###########


You could see a worm.

Vanquished Creatures
  2 adders (D:2)
  A worm (D:2)
  3 bats
  2 endoplasms (D:2)
  A giant cockroach (D:1)
  2 goblins (D:2)
  A hobgoblin (D:1)
  2 frilled lizards
  3 kobolds
  2 rats (D:1)
19 creatures vanquished.

Notes
Turn   | Place    | Note
-------+----------+-------------------------------------------
     0 | D:1      | xian the Demonspawn Arcane Marksman began the quest for the
                  | Orb.
     0 | D:1      | Reached XP level 1. HP: 15/15 MP: 2/2
   386 | D:1      | Gained mutation: You have a pair of small antennae on your
                  | head. [demonic ancestry]
   386 | D:1      | Reached XP level 2. HP: 21/21 MP: 3/3
   689 | D:2      | Found Webu's Book Emporium.
   892 | D:2      | Reached XP level 3. HP: 18/26 MP: 4/4
  1221 | D:2      | Slain by a worm

Illustrated notes

Levels and vault maps discovered:
D:1:      onia_arrival_mini_spirals, layout_rooms, minmay_misc_feat_nine_boxes,
          ebering_dispersal_statue_hall, minmay_liquid_box,
          roderic_roman_lattice
D:2:      layout_loops_ring, hellmonk_ecumenical_altar_watching_god,
          serial_shops, shop, minmay_bisected

Skill      XL: |  1 |
---------------+----+-----
Ranged Weapons | 2 |  2.9
Fighting       | |  1.0
Dodging        | |  1.9
Spellcasting   | |  1.1
Hexes          | |  3.3

Action                   || total
-------------------------++-------
 Fire: Sling             ||    98
 Cast: Slow              ||     2
Armor: Robe              ||    10
Dodge: Dodged            ||    26
